 Dungeon Crawl Stone Soup version 0.19-a0-459-gb8ed64d (webtiles) character file.

9655 Delvonshi the Fighter (level 11, -3/102 (106) HPs)
             Began as a Minotaur Chaos Knight on June 2, 2016.
             Slain by a spiny frog (8 damage)
             ... on level 1 of the Lair of Beasts.
             The game lasted 00:29:24 (9558 turns).

Delvonshi the Fighter (Minotaur Chaos Knight)       Turns: 9558, Time: 00:29:24

HP:   -3/102 (106)  AC: 23    Str: 22    XL:     11   Next: 25%
MP:   10/10         EV:  6    Int:  9    God:    Xom [.*....]
Gold: 442           SH:  0    Dex: 10    Spells: 0 memorised, 10 levels left

rFire  . . .     SeeInvis .     O - +2 flail
rCold  + . .     Gourm    .     F - +1 plate armour {rPois}
rNeg   . . .     Faith    +     (no shield)
rPois  +         Spirit   .     (helmet restricted)
rElec  .         Dismiss  .     N - +0 cloak
rCorr  .         Reflect  .     o - +2 pair of gloves
SustAt .         Harm     .     l - +0 pair of boots
MR     .....                    u - amulet of faith
Stlth  ..........               r - ring of protection from cold
                                e - +3 ring of evasion

@: lethally poisoned (-3 -> -9), held, not resistant to hostile enchantments,
extremely unstealthy
A: retaliatory headbutt, horns 2, slow regeneration 1, strong 1
a: Renounce Religion


You were on level 1 of the Lair of Beasts.
You worshipped Xom.
You were a plaything of Xom.
You were not hungry.

You visited 2 branches of the dungeon, and saw 10 of its levels.
You also visited: Sewer.

You collected 442 gold pieces.

Inventory:

Hand Weapons
 a - a +1 mace of chaos
 O - a +2 flail (weapon)
Armour
 b - a +2 leather armour
 l - a +0 pair of boots (worn)
 o - a +2 pair of gloves (worn)
 F - a +1 plate armour of poison resistance (worn)
 N - a +0 cloak (worn)
Jewellery
 e - a +3 ring of evasion (left hand)
 j - an uncursed amulet of rage
 q - an uncursed amulet of regeneration
 r - a ring of protection from cold (right hand)
 u - an amulet of faith (around neck)
 w - an uncursed ring of poison resistance
 B - an uncursed ring of protection from cold
 V - an uncursed ring of protection from cold
 W - an uncursed ring of ice
Wands
 C - a wand of lightning (5/15)
 P - a wand of iceblast (8/15)
 T - a wand of polymorph (14/24)
Scrolls
 d - 8 scrolls of teleportation
 g - 11 scrolls of remove curse
 n - 4 scrolls of magic mapping
 p - a scroll of enchant weapon
 s - 12 scrolls of identify
 y - a scroll of blinking
 A - a scroll of amnesia
 G - 2 scrolls of fog
 H - 2 scrolls of recharging
 M - a scroll of summoning {unknown}
 X - a scroll of enchant armour
Potions
 f - 6 potions of curing
 i - a potion of agility
 v - 2 potions of lignification
 z - a potion of might {unknown}
 D - 4 potions of mutation {unknown}
 I - a potion of flight {unknown}
 J - 2 potions of heal wounds {unknown}
 K - 3 potions of magic {unknown}
 L - 4 potions of haste
 Q - a potion of ambrosia {unknown}
 R - 2 potions of brilliance {unknown}
 U - a potion of invisibility {unknown}
Books
 m - a book of Alchemy

   Spells                             Type                      Level
   a - Sublimation of Blood           Necromancy                   2
   b - Ignite Poison                  Fire/Transmutation/Poison    3
   c - Petrify                        Transmutation/Earth          4
   d - Alistair's Intoxication        Transmutation/Poison         5
   e - Irradiate                      Conjuration/Transmutation    5
 x - a book of Envenomations

   Spells                             Type                      Level
   a - Spider Form                    Transmutation/Poison         3
   b - Olgreb's Toxic Radiance        Poison                       4
   c - Alistair's Intoxication        Transmutation/Poison         5
   d - Poisonous Cloud                Conjuration/Poison/Air       6
 E - a book of Dreams

   Spells                             Type                      Level
   a - Ensorcelled Hibernation        Hexes/Ice                    2
   b - Silence                        Hexes/Air                    5
   c - Darkness                       Hexes                        6
   d - Shadow Creatures               Summoning                    6
Comestibles
 c - 6 bread rations
 h - 3 meat rations
 k - 4 fruits
 t - 8 beef jerkies


   Skills:
 - Level 12.9 Fighting
 + Level 10.6 Maces & Flails
 + Level 12.0 Armour
 + Level 5.8 Dodging


You had 10 spell levels left.
You didn't know any spells.

Dungeon Overview and Level Annotations

Branches:
Dungeon (9/15)             Temple (0/1) D:4            Lair (1/8) D:8
    Orc: D:9-12

Altars:
Ashenzari
Hepliaklqana
Kikubaaqudgha
Okawaru
Pakellas
Ru
Sif Muna
Uskayaw
Xom
Zin
The Shining One

Annotations:
D:4 1 exclusion
D:6 Grinder
Lair:1 Harold


Innate Abilities, Weirdness & Mutations

You reflexively headbutt those who attack you in melee.
You have a pair of horns on your head.
You regenerate slowly when monsters are visible.
Your muscles are strong. (Str +2)


Message History

You try to slip out of the net.
You feel sick.
Harold says, "Ah, this is what I got into this business for!"
Harold gestures wildly while chanting.
Harold blinks!
The spiny frog stings you but does no damage.
The hippogriff bites you.
* * * LOW HITPOINT WARNING * * *
The hippogriff pecks you but does no damage.
The hippogriff claws you but does no damage.
You slip out of the net!
You feel sick.
Harold mumbles some strange words.
Harold blinks!
The spiny frog stings you.
* * * LOW HITPOINT WARNING * * *
The hippogriff misses you.
The hippogriff pecks you but does no damage.
The hippogriff claws you but does no damage.
Harold throws a throwing net.
The throwing net hits you.
You become entangled in the net!
The spiny frog stings you!
You die...
Xom guffaws!

....##..( .P.P.P...###
........... .##
..........# ..#
....#.....#### ..##
....#.....P.######...##
#.H.................
##.F(....@........#
#...@............##
........#######.#..##
........# ###..##
......... ##...#
.......?. #..### # ∆
...###..... #..#####.
#.. #.#....####..##.#..
#. ## ###....#........
#............


You could see Harold, a hippogriff and a spiny frog.

Vanquished Creatures
  Fannar (Lair:1)
  A kobold demonologist (D:9)
  2 komodo dragons (Lair:1)
  A troll (D:9)
  Prince Ribbit (D:8)
  8 blink frogs
  5 yaks (Lair:1)
  2 hippogriffs
  A water moccasin (Lair:1)
  The ghost of Delvonshi the Skirmisher, an amateur MiCK of Xom (D:3)
  A sky beast (D:8)
  2 ice beasts
  2 necrophages (D:7)
  5 centaurs
  8 ogres
  3 crocodiles
  An elf zombie (D:7)
  13 big kobolds (D:8)
  6 giant frogs
  5 scorpions
  5 killer bees (D:8)
  6 wights
  A howler monkey (D:4)
  A wasp zombie (D:7)
  2 quasits
  8 orc priests
  3 hounds
  3 human zombies (D:7)
  5 orc wizards
  2 giant frog skeletons
  3 iguanas
  2 human skeletons (D:7)
  6 worker ants
  A hell rat (D:8)
  A mummy (D:7)
  2 gnolls
  12 adders
  7 river rats
  A shadow imp (D:8)
  2 oozes
  A worm (D:2)
  A dart slug (D:2)
  5 giant geckos
  30 orcs
  14 ball pythons
  5 bats
  3 giant cockroaches
  8 goblins
  7 hobgoblins
  17 jackals
  2 quokkas
  A giant cockroach zombie (D:5)
  A giant newt (shapeshifter) (Sewer)
  9 giant newts
  18 kobolds
  An orc zombie (D:7)
  A quokka skeleton (D:5)
  26 rats
292 creatures vanquished.

Vanquished Creatures (others)
  A fire dragon (D:6)
  A blink frog (Lair:1)
  A jackal zombie (D:7)
  2 fungi (Lair:1)
  6 plants (Lair:1)
11 creatures vanquished.

Grand Total: 303 creatures vanquished

Notes
Turn   | Place    | Note
--------------------------------------------------------------
     0 | D:1      | Delvonshi the Minotaur Chaos Knight began the quest for the Orb.
     0 | D:1      | Reached XP level 1. HP: 19/19 MP: 0/0
   126 | D:1      | Reached XP level 2. HP: 27/27 MP: 1/1
   251 | D:1      | XOM: silly message
   512 | D:1      | Reached XP level 3. HP: 34/34 MP: 2/2
   698 | D:2      | XOM: draining
   707 | D:2      | XOM: harmless Ice miscast
   914 | D:2      | XOM: summons 3 hostile shadow creatures
  1157 | D:3      | Reached skill level 5 in Maces & Flails
  1163 | D:3      | Reached skill level 5 in Fighting
  1163 | D:3      | Reached XP level 4. HP: 42/42 MP: 3/3
  1166 | D:3      | XOM: 2-stop teleportation journey
  1182 | D:3      | XOM: 3-stop teleportation journey
  1273 | D:3      | Noticed a centaur
  1279 | D:3      | Killed a centaur
  1279 | D:3      | Reached XP level 5. HP: 46/50 MP: 4/4
  1305 | D:3      | Noticed Delvonshi's ghost (amateur MiCK)
  1309 | D:3      | XOM: fog
  1316 | D:3      | Killed Delvonshi's ghost
  1316 | D:3      | Reached XP level 6. HP: 54/57 MP: 5/5
  1574 | D:4      | XOM: 2-stop teleportation journey
  1582 | D:4      | Found a staircase to the Ecumenical Temple.
  1582 | D:4      | XOM: 7-stop teleportation journey
  1587 | D:4      | XOM: fake destruction
  1589 | D:4      | XOM: enchant monster (bad)
  1837 | D:4      | Reached XP level 7. HP: 66/66 MP: 6/6
  1953 | D:4      | Found a deep blue altar of Sif Muna.
  1956 | D:4      | Found a shimmering altar of Xom.
  1957 | D:4      | Found a glowing golden altar of the Shining One.
  2002 | D:4      | XOM: give mutations
  2002 | D:4      | Gained mutation: Scrolls take you a little longer to read. [Xom's mischief]
  2002 | D:4      | Gained mutation: Your body sometimes deteriorates upon taking damage. [Xom's mischief]
  2002 | D:4      | Gained mutation: You are dopey. (Int -2) [Xom's mischief]
  2342 | D:5      | Entered Level 5 of the Dungeon
  2513 | D:5      | Found an iron altar of Okawaru.
  2976 | D:6      | Found an oddly glowing altar of Pakellas.
  2977 | D:6      | Noticed a fire dragon
  2985 | D:6      | Killed a fire dragon
  3125 | D:6      | Found a shattered altar of Ashenzari.
  3236 | D:6      | XOM: summons friendly iron imp
  3326 | D:6      | Found a glowing drain.
  3340 | Sewer    | Entered a sewer
  3358 | Sewer    | XOM: blink monster(s)
  3443 | Sewer    | XOM: polymorph rat -> giant newt
  3451 | Sewer    | Reached XP level 8. HP: 68/75 MP: 7/7
  3664 | Sewer    | Lost mutation: Scrolls take you a little longer to read. [potion of cure mutation]
  3664 | Sewer    | Lost mutation: Your body sometimes deteriorates upon taking damage. [potion of cure mutation]
  3808 | D:6      | Noticed Grinder
  3912 | D:6      | XOM: mild Necr miscast
  4230 | D:7      | XOM: enchant monster (good)
  4304 | D:7      | XOM: mild Ice miscast
  4381 | D:7      | Reached skill level 5 in Armour
  4598 | D:7      | Reached skill level 10 in Fighting
  4662 | D:7      | XOM: summons 3 hostile shadow creatures
  4704 | D:7      | Found a glowing silver altar of Zin.
  4750 | D:7      | XOM: give mutations
  4750 | D:7      | Gained mutation: You regenerate slowly when monsters are visible. [Xom's mischief]
  4750 | D:7      | Lost mutation: You are dopey. (Int -2) [Xom's mischief]
  4750 | D:7      | Gained mutation: You can translocate small distances at will. [Xom's mischief]
  4750 | D:7      | Lost mutation: You can translocate small distances at will. [Xom's mischief]
  4800 | D:7      | XOM: harmless Tmut miscast
  4909 | D:7      | XOM: summons 4 hostile shadow creatures
  4928 | D:7      | Found an ancient bone altar of Kikubaaqudgha.
  4940 | D:7      | XOM: silly message
  4954 | D:7      | XOM: chaos cloud
  5011 | D:7      | Reached XP level 9. HP: 69/85 MP: 8/8
  5272 | D:7      | XOM: harmless Necr miscast
  5279 | D:8      | Found a hazy altar of Hepliaklqana.
  5351 | D:8      | XOM: polymorph giant gecko -> ball python
  5469 | D:7      | XOM: severe Conj miscast
  5469 | D:7      | HP: 3/85 [something (17)]
  5485 | D:7      | XOM: noise
  5821 | D:6      | XOM: repel stairs
  5853 | D:6      | XOM: chaos upgrade
  6000 | D:8      | XOM: chaos upgrade
  6022 | D:8      | XOM: blink monster(s)
  6081 | D:8      | XOM: noise
  6146 | D:8      | Noticed Prince Ribbit
  6146 | D:8      | XOM: enchant monster (bad)
  6161 | D:8      | XOM: harmless Pois miscast
  6162 | D:8      | XOM: noise
  6163 | D:8      | XOM: confuse monster(s)
  6182 | D:8      | XOM: enchant monster (good)
  6252 | D:8      | Killed Prince Ribbit
  6252 | D:8      | Reached XP level 10. HP: 51/95 MP: 9/9
  6285 | D:8      | XOM: stat loss: -1 Int (8/9)
  6297 | D:8      | Reached skill level 10 in Armour
  6391 | D:8      | XOM: 1-stop teleportation journey
  6563 | D:8      | Found a staircase to the Lair.
  6563 | D:8      | XOM: 5-stop teleportation journey
  6720 | D:8      | XOM: polymorph orc wizard -> ooze
  7024 | Lair:1   | Entered Level 1 of the Lair of Beasts
  7039 | Lair:1   | XOM: cast spell 'Call Canine Familiar'
  7120 | D:8      | XOM: harmless Pois miscast
  7188 | D:8      | XOM: harmless Tmut miscast
  7265 | D:9      | Noticed a soul eater
  7508 | D:9      | Found a hide-covered altar of Uskayaw.
  7582 | D:9      | XOM: potion effect (berserk rage)
  7599 | D:9      | Noticed a hill giant
  7599 | D:9      | XOM: silly message
  7613 | D:9      | XOM: potion effect (agility)
  7617 | D:9      | XOM: 6-stop teleportation journey
  7676 | D:9      | XOM: blink monster(s)
  7799 | D:9      | Found a sacrificial altar of Ru.
  7922 | Lair:1   | XOM: divine lightning
  7941 | D:8      | XOM: scenery: create altars
  8098 | D:8      | XOM: cast spell 'Dragon Form'
  8100 | Lair:1   | XOM: divination: detect items
  8419 | D:8      | Gained mutation: You are robust. (+10% HP) [mutagenic meat]
  8420 | D:8      | Gained mutation: Your muscles are strong. (Str +2) [mutagenic meat]
  8421 | D:8      | Lost mutation: You are robust. (+10% HP) [mutagenic meat]
  8433 | Lair:1   | XOM: fake destruction
  8435 | Lair:1   | XOM: potion effect (might)
  8736 | Lair:1   | Noticed Fannar
  8746 | Lair:1   | XOM: confusion (+ monsters)
  8754 | Lair:1   | XOM: cast spell 'Summon Small Mammal'
  8780 | Lair:1   | Reached skill level 10 in Maces & Flails
  8807 | Lair:1   | XOM: summons 3 friendly demons
  8832 | Lair:1   | Killed Fannar
  8832 | Lair:1   | Reached skill level 5 in Dodging
  8832 | Lair:1   | Reached XP level 11. HP: 24/102 MP: 10/10
  9196 | Lair:1   | XOM: enchant monster (good)
  9208 | Lair:1   | XOM: polymorph blink frog -> water moccasin
  9367 | Lair:1   | XOM: confusion (+ monsters)
  9368 | Lair:1   | XOM: polymorph spiny frog -> hippogriff
  9506 | Lair:1   | Noticed Harold
  9510 | Lair:1   | XOM: harmless Conj miscast
  9555 | Lair:1   | XOM: mild Conj miscast
  9557 | Lair:1   | HP: 5/102 [spiny frog (5)]
  9558 | Lair:1   | Slain by a spiny frog

Vault maps used:
D:1:      saegor_arrival_under_anarchy, minivault_5,
          hangedman_abyss_or_decor_stabs, minmay_misc_feat_diagonals,
          serial_park_tiny_2
D:2:      first_bread
D:4:      nicolae_overflow_hidden_temple, minmay_temple_entry_overgrown
D:5:      kennysheep_okawaru_gauntlet
D:6:      gammafunk_pakellas_spire_experiment, ashenzari_altar_1,
          portal_sewer_entry_d, uniq_grinder
D:7:      lemuel_mausoleum_altar_kikubaaqudgha, kennysheep_mini_moat
D:8:      overflow_temple_1_default, dpeg_lair_monsters, special_room,
          uniq_prince_ribbit1
D:9:      old_standard_altar, lemuel_coloured_pillars_altar, grunt_ogre_cave,
          kennysheep_crisscross, kennysheep_generic_room_13
Lair:1:   serial_forest, infiniplex_forest_lined_1,
          infiniplex_forest_lined_room_, infiniplex_forest_clump_medium,
          infiniplex_forest_end_2, infiniplex_forest_lined_room_2,
          infiniplex_forest_lined_room_3, infiniplex_forest_clump_diagonal,
          infiniplex_forest_fountain, st_stairs_13, dpeg_stationary_puzzle,
          uniq_harold, uniq_fannar
Sewer:    sewer_minmay_w

Skill      XL: |  1  2  3  4  5  6  7  8  9 10 11 |
---------------+----------------------------------+-----
Maces & Flails | 4 5 6 7 8 10 | 10.6
Fighting       | 4 5 6 7 8 10 12 | 12.9
Armour         | 6 9 11 12 | 12.0
Dodging        | 5 |  5.8

Action                   |  1- 3 |  4- 6 |  7- 9 | 10-12 || total
-------------------------+-------+-------+-------+-------++-------
Melee: Mace              |    80 |    68 |   330 |       ||   478
       Headbutt          |    15 |     8 |    73 |    64 ||   160
       Flail             |       |       |   194 |   328 ||   522
       Unarmed           |       |       |       |     1 ||     1
Evoke: Wand              |       |       |       |     1 ||     1
       Phantom mirror    |       |       |       |     1 ||     1
  Use: Scroll            |     3 |       |     9 |       ||    12
       Potion            |       |       |     5 |       ||     5
 Stab: Paralysed         |     2 |     6 |       |       ||     8
       Sleeping          |       |     1 |       |       ||     1
  Eat: Chunk             |     1 |     2 |    10 |    10 ||    23
       Fruit             |       |       |     2 |       ||     2
       Bread ration      |       |       |     1 |     1 ||     2
Armor: Leather armour    |    25 |    20 |    23 |       ||    68
       Plate armour      |       |       |   340 |   223 ||   563
Dodge: Dodged            |    65 |    68 |   307 |   194 ||   634
